AoeStats
← tolgaeroglu1414

Arena

510356933Analyzed
1v1 RM · 2d ago on Sep 30, 2026· 90m 11s· 2 players
Game mode
Random Map
Map size
Tiny (2 player)
Population
200
Speed
Normal
Resources
Standard
Victory
Conquest
Starting age
Dark Age
Ending age
Imperial Age
RankedLock teamsTeams togetherTeam positionsShared explorationLock speedFull tech treeHidden civsTurbo modeCheats
Victory
Defeat
🇨🇴 Bulgarians · Colombia
674
+16
🇹🇷 Chinese · Türkiye
670
-16
tolgaeroglu1414
10:26 Feudal Age
10:52 Double-Bit Axe
10:50 Horse Collar
16:41 Castle Age
15:44 Stone Mining
15:50 Gold Mining
17:40 Bow Saw
18:36 Heavy Plow
27:10 Imperial Age
25:22 Stone Shaft Mining
25:31 Gold Shaft Mining
26:35 Wheelbarrow
26:42 Ballistics
26:57 Padded Archer Armor
26:48 Fletching
29:23 Two-Man Saw
28:37 Bodkin Arrow
30:23 Hand Cart
30:32 Pikeman
31:13 Squires
32:03 Stone Shaft Mining
32:07 Halberdier
32:54 Bracer
33:10 Leather Archer Armor
33:59 Masonry
35:02 Chemistry
38:12 Heavy Rocket Cart
40:42 Architecture
40:49 Ring Archer Armor
40:33 Forging
41:50 Scale Mail Armor
41:38 Arrowslits
42:51 Elite Chu Ko Nu
44:37 Iron Casting
44:18 Chain Mail Armor
50:33 Cavalier
51:13 Husbandry
61:24 Elite Skirmisher
64:50 Scale Barding Armor
65:31 Conscription
65:15 Great Wall
67:09 Blast Furnace
66:32 Chain Barding Armor
87:06 Blast Furnace
86:41 Plate Barding Armor
86:37 Plate Mail Armor
quice1117
12:45 Feudal Age
13:21 Double-Bit Axe
13:18 Horse Collar
15:54 Arson
18:44 Castle Age
18:14 Forging
18:08 Scale Mail Armor
21:20 Bow Saw
23:07 Gold Mining
24:42 Wheelbarrow
23:55 Town Watch
25:03 Iron Casting
25:04 Gambesons
26:14 Chain Mail Armor
26:01 Padded Archer Armor
26:28 Stone Mining
27:21 Ballistics
27:32 Pikeman
29:35 Fletching
30:00 Leather Archer Armor
30:06 Thumb Ring
29:21 Elite Skirmisher
31:27 Bodkin Arrow
34:33 Imperial Age
35:35 Gold Shaft Mining
36:30 Chemistry
35:47 Bracer
35:23 Capped Ram
40:06 Heavy Plow
40:44 Redemption
41:11 Theocracy
41:06 Illumination
40:59 Fervor
41:20 Murder Holes
42:09 Onager
43:19 Siege Engineers
43:45 Siege Onager
53:40 Halberdier
54:21 Squires
54:32 Siege Ram
58:52 Siege Ram
61:17 Bloodlines
60:27 Light Cavalry
62:41 Bagains
66:43 Husbandry
66:04 Cavalier
66:14 Hussar
73:06 Blast Furnace
72:36 Plate Mail Armor
73:46 Elite Konnik
74:28 Stirrups
74:55 Scale Barding Armor
85:07 Hand Cart
84:53 Town Patrol
Connection lost

Rejoining the realm…

Still unreachable

The connection could not be restored.

Session expired

The server has moved on; the page needs a fresh start.